 Dungeon Crawl Stone Soup version 0.29-a0-350-g7790a0e70a (webtiles) character file.

Game seed: 12825950752130447298

35726 greenreed the Spear-Bearer (level 13, -13/119 HPs)
             Began as a Minotaur Fighter on Apr 22, 2022.
             Was an Elder of Nemelex Xobeh.
             Mangled by a boulder beetle (15 damage)
             ... on level 5 of the Lair of Beasts.
             The game lasted 00:58:03 (20693 turns).

greenreed the Spear-Bearer (Minotaur Fighter)      Turns: 20693, Time: 00:58:05

Health: -13/119    AC: 17    Str: 33    XL:     13   Next: 49%
Magic:  13/16      EV: 14    Int:  5    God:    Nemelex Xobeh [****..]
Gold:   2165       SH:  7    Dex: 18    Spells: 12/12 levels left

rFire   . . .      SeeInvis .   m - +5 spear (flame)
rCold   . . .      Faith    .   c - +0 buckler
rNeg    . . .      Spirit   .   y - +3 scale mail
rPois   +          Reflect  .   C - +2 hat
rElec   .          Harm     .   (no cloak)
rCorr   .          Rampage  .   G - +1 pair of gloves of Puckish Satisfaction {Drain +Inv Str+3 Dex+6}
Will    .....                   (no boots)
Stlth   ..........              U - amulet of the acrobat
HPRegen 0.29/turn               X - ring of poison resistance
MPRegen 0.15/turn               I - +6 ring of strength

@: lethally poisoned (-13 -> -20)
A: horns 2, retaliatory headbutt
a: Renounce Religion, Evoke Invisibility, Draw Escape, Draw Destruction, Draw
Summoning, Triple Draw, Deal Four


You were on level 5 of the Lair of Beasts.
You worshipped Nemelex Xobeh.
Nemelex Xobeh was greatly pleased with you.
You visited 3 branches of the dungeon, and saw 18 of its levels.
You also visited: Ice Cave.

You collected 2165 gold pieces.

Inventory:

Hand Weapons
 a - a +0 trident
 m - a +5 spear of flaming (weapon)
 Y - a +0 glaive
Missiles
 b - 2 throwing nets (quivered)
Armour
 c - a +0 buckler (worn)
 l - the +3 salamander hide armour {Flames rF++ rC--}
   (You found it on level 2 of the Dungeon)

   It surrounds you with a cloud of flames.
   It grants immunity to clouds of flame.
   It enhances your fire magic.
   rF:        It greatly protects you from fire.
   rC:        It makes you very vulnerable to cold.
 q - a +1 scale mail of cold resistance
 y - a +3 scale mail (worn)
 C - a +2 hat (worn)
 G - the +1 pair of gloves of Puckish Satisfaction (worn) {Drain +Inv Str+3 Dex+6}
   (You acquired it on level 2 of the Lair of Beasts)

   Str:       It affects your strength (+3).
   Dex:       It affects your dexterity (+6).
   +Inv:      It lets you turn invisible.
   Drain:     It drains your maximum health when unequipped.
Jewellery
 h - a +4 ring of evasion
 k - a ring of protection from cold
 B - a ring of ice
 I - a +6 ring of strength (right hand)
 P - an amulet of reflection
 U - an amulet of the acrobat (around neck)
 X - a ring of poison resistance (left hand)
Wands
 H - a wand of iceblast (15)
 J - a wand of charming (6)
 K - a wand of flame (39)
 L - a wand of acid (4)
 S - a wand of polymorph (7)
 Z - a wand of paralysis (8)
Scrolls
 d - 2 scrolls of fog
 e - 4 scrolls of enchant weapon
 f - 5 scrolls of amnesia
 g - 2 scrolls of enchant armour
 n - 3 scrolls of teleportation
 u - 2 scrolls of vulnerability
 v - a scroll of holy word {unknown}
 x - 3 scrolls of torment
 A - a scroll of immolation {unknown}
 E - a scroll of blinking
 Q - a scroll of magic mapping
 T - a scroll of brand weapon {unknown}
 V - a scroll of fear {unknown}
Potions
 i - 2 potions of brilliance
 j - 6 potions of curing
 o - 4 potions of heal wounds
 p - a potion of resistance
 r - 2 potions of flight
 s - a potion of invisibility {unknown}
 t - 8 potions of mutation
 w - 2 potions of cancellation
 z - 3 potions of ambrosia
 D - a potion of haste
 F - a potion of lignification {unknown}
 M - 2 potions of magic {unknown}
 N - 2 potions of berserk rage {unknown}
Miscellaneous
 O - a lightning rod (4/4)
 R - a piece from Xom's chessboard (15/15)
 W - a tin of tremorstones (2/2)


   Skills:
 + Level 12.4 Fighting
 + Level 14.3 Polearms
 + Level 12.9 Armour
 + Level 7.3 Dodging
 - Level 0.1 Stealth
 + Level 9.2 Shields
 * Level 9.9 Translocations
 * Level 5.3 Invocations


You had 12 spell levels left.
You didn't know any spells.
Your spell library contained the following spells:

 Spells                   Type           Power      Damage    Failure   Level
 Portal Projectile        Hex/Tloc       8%         N/A       41%         3
 Beastly Appendage        Tmut           0%         N/A       73%         1
 Foxfire                  Conj/Fire      0%         2x1d4     73%         1
 Magic Dart               Conj           0%         1d3       73%         1
 Iskenderun's Mystic Bla  Conj/Tloc      4%         2d3       82%         4
 Call Imp                 Summ           0%         N/A       86%         2
 Corpse Rot               Necr/Air       0%         N/A       86%         2
 Poisonous Vapours        Pois/Air       0%         N/A       86%         2
 Searing Ray              Conj           0%         2d4       86%         2
 Sublimation of Blood     Necr           0%         N/A       86%         2
 Wereblood                Tmut           0%         N/A       86%         2
 Call Canine Familiar     Summ           0%         N/A       97%         3
 Confusing Touch          Hex            0%         N/A       97%         3
 Conjure Flame            Conj/Fire      0%         6-21      97%         3
 Ignite Poison            Fire/Tmut/Pois 0%         N/A       97%         3
 Inner Flame              Hex/Fire       0%         N/A       97%         3
 Mephitic Cloud           Conj/Pois/Air  0%         N/A       97%         3
 Ozocubu's Armour         Ice            0%         N/A       97%         3
 Spider Form              Tmut/Pois      0%         N/A       97%         3
 Cause Fear               Hex            0%         N/A       100%        4
 Flame Wave               Conj/Fire      0%         2d4       100%        4
 Fulminant Prism          Conj/Hex       0%         3d6       100%        4
 Leda's Liquefaction      Hex/Erth       0%         N/A       100%        4
 Olgreb's Toxic Radiance  Pois           0%         N/A       100%        4
 Petrify                  Tmut/Erth      0%         N/A       100%        4
 Summon Ice Beast         Ice/Summ       0%         N/A       100%        4
 Irradiate                Conj/Tmut      0%         3d13      100%        5
 Lee's Rapid Deconstruct  Erth           0%         3d5*      100%        5
 Metabolic Englaciation   Hex/Ice        0%         N/A       100%        5
 Summon Mana Viper        Hex/Summ       0%         N/A       100%        5
 Yara's Violent Unravell  Hex/Tmut       0%         3d3       100%        5
 Eringya's Noxious Bog    Tmut/Pois      0%         N/A       100%        6
 Simulacrum               Ice/Necr       0%         N/A       100%        6
 Statue Form              Tmut/Erth      0%         N/A       100%        6
 Dragon Form              Tmut           0%         N/A       100%        7
 Enfeeble                 Hex            0%         N/A       100%        7
 Malign Gateway           Summ/Tloc      2%         N/A       100%        7
 Monstrous Menagerie      Summ           0%         N/A       100%        7
 Discord                  Hex            0%         N/A       100%        8
 Summon Horrible Things   Summ           0%         N/A       100%        8


Dungeon Overview and Level Annotations

Branches:
Dungeon (12/15)            Temple (1/1) D:6            Lair (5/6) D:10
 Shoals (0/4) Lair:3        Snake (0/4) Lair:2          Orc (0/2) D:10
  IceCv (visited)
  Slime: Lair:5-6

Altars:
Ashenzari
Cheibriados
Dithmenos
Elyvilon
Fedhas
Gozag
Hepliaklqana
Kikubaaqudgha
Makhleb
Nemelex Xobeh
Okawaru
Qazlal
Ru
Sif Muna
Trog
Uskayaw
Vehumet
Wu Jian
Xom
Yredelemnul
Zin
The Shining One
Lugonu

Portals:
Abyss: D:11

Annotations:
D:11 2 runed translucent doors
Lair:5 Nessos


Innate Abilities, Weirdness & Mutations

You have a pair of horns on your head.
You reflexively headbutt those who attack you in melee.


Message History

The bolt of negative energy hits the elephant!
The elephant is drained!
The elephant is almost dead.
The bolt of negative energy hits the elephant!!
The elephant is drained!
The elephant is almost dead.
The elephant dies!
Nessos shoots an arrow.
The arrow barely misses you. The boulder beetle bites you.
* * * LOW HITPOINT WARNING * * *
The komodo dragon bites you but does no damage.
Nessos shoots an arrow.
The arrow closely misses you.
The boulder beetle completely misses you.
The komodo dragon bites you!
* * * LOW HITPOINT WARNING * * *
There is a stone staircase leading up, spattered with blood here.
Okay, then.
You draw... (choose one card, ? for their descriptions)
a - the Cloud
b - the Cloud
c - the Tomb You draw... (choose one card, ? for their descriptions)
a - the Cloud
b - the Cloud
c - the Tomb You have drawn the Tomb.
Walls emerge from the floor!
You can no longer stack cards.
Nessos mumbles some strange words.
Nessos seems to speed up.
The boulder beetle closely misses you. You furiously retaliate!
You headbutt the boulder beetle. The komodo dragon bites you!
* * * LOW HITPOINT WARNING * * *
You fail to use your ability.
Nessos shoots an arrow.
The arrow hits you.
* * * LOW HITPOINT WARNING * * *
The arrow burns you.
You are lethally poisoned!
* * * LOW HITPOINT WARNING * * *
Nessos shoots an arrow.
You block the arrow. The boulder beetle bites you!
You die...
Your body glows with a rainbow of weird colours and disappears.

##.........##
#P..........#
#.........##### #
#.........#P..#.P
#.........#P..c.. ######
#................
#..#.####............#...
...............#B#.......
...........÷.÷Y#@........
.............÷.#l#PP.....
...............Y.........
...................#.....
.........................
......................[..
.........................
........................#
...l.P##.............P.


You could see a boulder beetle (drained), Nessos (fast), an elephant (drained)
and a komodo dragon.

Vanquished Creatures
  A white draconian (IceCv)
  A great orb of eyes (shapeshifter) (D:11)
  A hydra (D:12)
  2 two-headed ogres
  Pikel (D:9)
  A deep elf pyromancer (D:9)
  A deep elf zephyrmancer (D:9)
  A manticore (D:11)
  4 elephants (Lair:5)
  A cyclops (D:11)
  8 black mambas
  2 ice statues (IceCv)
  A gargoyle (D:11)
  5 cane toads
  13 rime drakes
  Maggie (D:8)
  An unseen horror (D:10)
  2 kobold demonologists (D:9)
  A komodo dragon (Lair:1)
  4 trolls
  A hornet (D:8)
  15 blink frogs
  A polar bear (Lair:3)
  Sigmund (D:3)
  A vampire (D:9)
  A shadow (D:11)
  2 wraiths
  4 wyverns
  A basilisk (Lair:3)
  12 steam dragons
  23 yaks
  An acid dragon (D:6)
  28 water moccasins
  An ice beast (D:5)
  A swamp drake (D:9)
  4 black bears
  3 orc warriors
  An ogre (shapeshifter) (D:11)
  An ogre (D:7)
  15 wolves
  4 centaurs
  2 lemures (D:9)
  A phantom (D:5)
  A kobold brigand (D:7)
  2 necrophages (D:6)
  9 bullfrogs
  3 scorpions
  3 gnoll sergeants
  3 wights (D:6)
  7 killer bees
  3 lindwurm simulacra (IceCv)
  2 howler monkeys
  A crimson imp (D:9)
  8 komodo dragon simulacra (IceCv)
  5 hounds
  8 orc priests
  An iguana (D:6)
  2 iron imps
  Ijyb (D:3)
  Terence (D:3)
  19 orc wizards
  Natasha (thrice) (D:2)
  7 acid dragon simulacra (IceCv)
  14 adders
  12 gnolls
  A shadow imp (D:9)
  2 white imps
  3 steam dragon simulacra (IceCv)
  3 worms
  3 dart slugs
  79 orcs
  8 ball pythons
  4 bats (D:1)
  4 endoplasms
  3 giant cockroaches
  6 goblins
  7 hobgoblins
  4 quokkas
  6 frilled lizards
  8 kobolds
  6 rats
438 creatures vanquished.

Vanquished Creatures (others)
  An elephant (Lair:5)
  An orc wizard (D:10)
  An orc (D:10)
  51 fungi
  75 plants
129 creatures vanquished.

Grand Total: 567 creatures vanquished

Notes
Turn   | Place    | Note
-------+----------+-------------------------------------------
     0 | D:1      | greenreed the Minotaur Fighter began the quest for the Orb.
     0 | D:1      | Reached XP level 1. HP: 19/19 MP: 0/0
   164 | D:1      | Found a faded altar of an unknown god.
   229 | D:1      | Reached XP level 2. HP: 27/27 MP: 1/1
   814 | D:2      | Reached skill level 1 in Dodging
   814 | D:2      | Reached XP level 3. HP: 33/33 MP: 2/2
   989 | D:2      | Found the +3 salamander hide armour {Flames rF++ rC--}
  1043 | D:2      | Reached skill level 3 in Polearms
  1113 | D:2      | Noticed Natasha
  1118 | D:2      | Killed Natasha
  1119 | D:2      | Reached XP level 4. HP: 41/41 MP: 3/3
  1209 | D:2      | Noticed Natasha
  1212 | D:2      | Killed Natasha
  1213 | D:2      | Reached skill level 4 in Polearms
  1700 | D:2      | Noticed Natasha
  1709 | D:2      | Killed Natasha
  1710 | D:2      | Reached XP level 5. HP: 34/47 MP: 4/4
  1832 | D:3      | Noticed Ijyb
  1840 | D:3      | HP: 2/47 [Ijyb/+0 club (1)]
  1843 | D:3      | Killed Ijyb
  2179 | D:3      | Noticed Sigmund
  2193 | D:3      | Killed Sigmund
  2194 | D:3      | Reached skill level 5 in Polearms
  2194 | D:3      | Reached XP level 6. HP: 36/55 MP: 5/5
  2203 | D:3      | Reached skill level 5 in Fighting
  2368 | D:3      | Found a shadowy altar of Dithmenos.
  2382 | D:3      | Noticed Terence
  2391 | D:3      | Killed Terence
  2392 | D:3      | Reached skill level 6 in Polearms
  3171 | D:4      | Reached skill level 5 in Armour
  4022 | D:5      | Entered Level 5 of the Dungeon
  4200 | D:5      | Reached XP level 7. HP: 61/61 MP: 6/6
  4378 | D:5      | Reached skill level 7 in Polearms
  5170 | D:6      | Reached skill level 8 in Polearms
  5170 | D:6      | Reached XP level 8. HP: 35/70 MP: 7/7
  6096 | D:6      | Reached skill level 1 in Translocations
  6255 | D:6      | Reached skill level 5 in Shields
  6393 | D:6      | Reached skill level 9 in Polearms
  7157 | D:6      | Found a staircase to the Ecumenical Temple.
  7164 | Temple   | Entered the Ecumenical Temple
  7456 | D:6      | Found an ancient bone altar of Kikubaaqudgha.
  7465 | D:6      | Found a hide-covered altar of Uskayaw.
  7470 | D:6      | Reached XP level 9. HP: 78/78 MP: 8/8
  8036 | D:7      | Found an opulent altar of Gozag.
  8658 | D:7      | Noticed a troll
  8675 | D:7      | Killed a troll
  8676 | D:7      | Reached skill level 10 in Polearms
  9065 | D:8      | Got the Almanac of Unstable Contamination
  9319 | D:8      | Noticed Maggie
  9332 | D:8      | Killed Maggie
  9637 | D:8      | Reached XP level 10. HP: 78/86 MP: 9/9
  9954 | D:9      | Noticed Pikel
 10031 | D:9      | Killed Pikel
 10032 | D:9      | Reached skill level 5 in Translocations
 10183 | D:9      | Found a sparkling altar of Nemelex Xobeh.
 10185 | D:9      | Found a shimmering altar of Xom.
 10188 | D:9      | Found a radiant altar of Vehumet.
 10191 | D:9      | Became a worshipper of Nemelex Xobeh the Trickster
 10229 | D:9      | Reached skill level 11 in Polearms
 10643 | D:9      | Found the +4 robe of Augmentation {Str+4 Int+4 Dex+4}
 10643 | D:9      | Noticed a deep elf pyromancer
 10649 | D:9      | Killed a deep elf pyromancer
 10650 | D:9      | Reached skill level 10 in Armour
 10657 | D:9      | Noticed a deep elf zephyrmancer
 10664 | D:9      | Killed a deep elf zephyrmancer
 10722 | D:9      | Noticed an orange demon
 10733 | D:9      | Noticed a rust devil
 10970 | D:9      | Reached * piety under Nemelex Xobeh
 11108 | D:9      | Received a gift from Nemelex Xobeh
 11272 | D:10     | Entered Level 10 of the Dungeon
 11294 | D:10     | Reached skill level 12 in Polearms
 11426 | D:10     | Reached skill level 5 in Dodging
 11476 | D:10     | Reached XP level 11. HP: 95/95 MP: 10/10
 12054 | D:10     | Noticed a two-headed ogre
 12061 | D:10     | Killed a two-headed ogre
 12708 | D:10     | Found a snail-covered altar of Cheibriados.
 12785 | D:10     | Reached ** piety under Nemelex Xobeh
 12803 | D:10     | Found a staircase to the Lair.
 13105 | D:10     | Found a staircase to the Orcish Mines.
 13522 | D:11     | Found a large runed translucent door.
 13522 | D:11     | Found a large runed translucent door.
 13526 | D:11     | Found a corrupted altar of Lugonu.
 13526 | D:11     | Identified the +1 robe of Calculation {Dex+6 SInv Stlth-}
 13526 | D:11     | Noticed a white ugly thing
 13528 | D:11     | Noticed a cyan ugly thing
 13530 | D:11     | Noticed a green ugly thing
 13546 | D:11     | Received a gift from Nemelex Xobeh
 14044 | D:11     | Found a one-way gate to the infinite horrors of the Abyss.
 14067 | D:11     | Noticed a great orb of eyes
 14076 | D:11     | Paralysed by a great orb of eyes for 7 turns
 14098 | D:11     | Killed a great orb of eyes
 14099 | D:11     | Reached skill level 10 in Fighting
 14350 | D:11     | Noticed a two-headed ogre
 14356 | D:11     | Killed a two-headed ogre
 14357 | D:11     | Reached skill level 13 in Polearms
 14426 | D:12     | Noticed a five-headed hydra
 14435 | D:12     | Killed a five-headed hydra
 14731 | Lair:1   | Entered Level 1 of the Lair of Beasts
 14746 | Lair:1   | Reached skill level 1 in Invocations
 14746 | Lair:1   | Reached XP level 12. HP: 107/107 MP: 11/11
 15243 | Lair:1   | Received a gift from Nemelex Xobeh
 15328 | Lair:1   | Reached *** piety under Nemelex Xobeh
 15732 | Lair:2   | Found a staircase to the Snake Pit.
 16373 | Lair:2   | Received a gift from Nemelex Xobeh
 16807 | Lair:3   | Found a staircase to the Shoals.
 16953 | Lair:3   | Reached **** piety under Nemelex Xobeh
 17333 | Lair:2   | Identified 2 scrolls of acquirement
 17342 | Lair:2   | Acquired the +1 pair of gloves of Puckish Satisfaction
                  | {Drain +Inv Str+3 Dex+6}
 17351 | Lair:2   | Acquired 740 gold pieces
 17718 | Lair:3   | Reached XP level 13. HP: 117/117 MP: 15/15
 17743 | Lair:3   | Found the +8 whip "Snakebite" {venom, curare, rPois}
 17864 | Lair:3   | Received a gift from Nemelex Xobeh
 17933 | Lair:3   | Reached skill level 14 in Polearms
 18676 | Lair:4   | Found a frozen archway.
 18699 | IceCv    | Entered an ice cave
 18740 | IceCv    | Received a gift from Nemelex Xobeh
 19244 | IceCv    | Noticed a white draconian
 19268 | IceCv    | Killed a white draconian
 19697 | Lair:4   | Reached skill level 5 in Invocations
 20026 | Lair:4   | Received a gift from Nemelex Xobeh
 20095 | Lair:4   | Reached ***** piety under Nemelex Xobeh
 20686 | Lair:5   | Noticed Nessos
 20693 | Lair:5   | HP: 4/119 [Nessos/arrow (5)]
 20693 | Lair:5   | Mangled by a boulder beetle

Illustrated notes

Levels and vault maps discovered:
D:1:      ebering_hopf_link, layout_loops_ring,
          dilly_ecumenical_altar_fadedgnrine
D:2:      layout_loops_ring, serial_forest, infiniplex_forest_zigzag_1,
          infiniplex_forest_clump_cross, infiniplex_forest_diagonal,
          infiniplex_forest_lined_2, infiniplex_forest_end_double,
          infiniplex_forest_clump_long, infiniplex_forest_lined_3, uniq_natasha
D:3:      layout_loops_ring, grunt_dithmenos_smoke, uniq_sigmund, uniq_terence,
          uniq_ijyb
D:4:      layout_cave_pools, serial_co_window_serial, co_window_paths_b,
          co_window_paths_b, co_window_paths_a, co_window_paths_a,
          co_window_corner_a, co_window_broadway_a, co_window_of_opportunity_c,
          co_window_broadway_a, co_window_of_opportunity_b, co_window_cross_4,
          co_window_paths_d, co_window_4corner_a, glass_columns_b,
          glass_columns_a, glass_columns_c
D:5:      layout_loops_ring
D:6:      layout_basic, mainiacjoe_overflow_swirl,
          minmay_temple_entry_proselytizer
D:7:      layout_rooms, mainiacjoe_overflow_tiny_flanked, serial_rivers,
          chequers_serial_rivers_micro_d, chequers_serial_rivers_micro_a,
          chequers_serial_rivers_large_b, chequers_serial_rivers_small_a,
          chequers_serial_rivers_micro_a, chequers_serial_rivers_marsh,
          small_statue_intersection
D:8:      layout_gridville, uniq_maggie
D:9:      layout_grid_maze, grunt_temple_overflow_open, eino_tiny_chamber,
          hangedman_minor_magic, uniq_pikel
D:10:     layout_long_grid, slow_altar_2, due_lair_maze_entry_diamond,
          hiddenorc2_lemuel
D:11:     due_chaos_kobolds, layout_basic
D:12:     layout_small_grid, uniq_josephine, uniq_lodul
Temple:   eino_narrow_crystal_temple
Lair:1:   layout_big_grid, serial_rivers, chequers_serial_rivers_micro_d,
          chequers_serial_rivers_small_3, chequers_serial_rivers_micro_e,
          chequers_serial_rivers_micro_a, lemuel_fruit_tree
Lair:2:   layout_big_grid, minmay_snake_entry_six_corridors
Lair:3:   minmay_guarded_unrand_snakebite, layout_cave_pods, shoals_dummy_entry,
          serial_bayou, serial_bayou_pond_a, serial_bayou_pond_e,
          serial_bayou_pond_b, serial_bayou_pond_d,
          chequers_serial_rivers_marsh, bobbens_dragon_lair_wall
Lair:4:   layout_cave_pods, portal_ice_cave_entry_pillars_1, grunt_megastairs_1,
          lemuel_fruit_fields
Lair:5:   layout_gridlike, uniq_nessos

Skill      XL: |  1  2  3  4  5  6  7  8  9 10 11 12 13 |
---------------+----------------------------------------+-----
Fighting       | 4 5 6 7 8 10 11 12 | 12.4
Armour         | 4 5 6 7 9 10 11 12 | 12.9
Dodging        | 1 2 3 5 6 7 |  7.3
Shields        | 4 5 6 7 8 9 |  9.2
Polearms       | 3 4 5 6 8 9 10 12 13 14 | 14.3
Translocations | 2 4 6 8 9 |  9.9
Invocations    | 1 4 5 |  5.3
Stealth        | |  0.1

Action                   |  1- 3 |  4- 6 |  7- 9 | 10-12 | 13-15 || total
-------------------------+-------+-------+-------+-------+-------++-------
Melee: Trident           |    69 |   158 |   315 |       |       ||   542
       Headbutt          |     9 |    16 |    54 |   144 |    64 ||   287
       Spear             |       |       |    63 |   871 |   319 ||  1253
Invok: Draw Destruction  |       |       |       |     6 |     6 ||    12
       Triple Draw       |       |       |       |       |     1 ||     1
       Draw Escape       |       |       |       |       |     1 ||     1
Evoke: Wand              |       |     2 |       |       |       ||     2
  Use: Potion            |       |     2 |     2 |     3 |       ||     7
       Scroll            |       |       |     5 |    14 |     4 ||    23
 Stab: Distracted        |       |       |       |     1 |       ||     1
Armor: Scale mail        |    19 |    39 |    87 |   146 |    62 ||   353
Dodge: Dodged            |    26 |    43 |   124 |   263 |   147 ||   603
Block: Buckler           |     8 |    14 |    59 |   118 |    62 ||   261

Table legend: (Time is in decaauts)
 A = Elapsed time spent in this place.
 B = Non-inter-level travel time spent in this place.
 C = Inter-level travel time spent in this place.
 D = Time resting spent in this place.
 E = Time spent auto-exploring this place.
 F = Levels seen in this place.
 G = Mean time per level.
                   A        B        C        D        E       F      G
               +--------+--------+--------+--------+--------+-----+--------+
         Total |  20150 |  19129 |   1021 |    887 |  14917 |  19 | 1060.5 |
       Dungeon |  14343 |  13404 |    939 |    552 |  10648 |  12 | 1195.2 |
        Temple |    168 |    156 |     12 |      0 |    144 |   1 |  168.0 |
          Lair |   4912 |   4842 |     70 |    316 |   3707 |   5 |  982.4 |
      Ice Cave |    725 |    725 |      0 |     19 |    417 |   1 |  725.0 |
               +--------+--------+--------+--------+--------+-----+--------+

Top non-repeatable levels by time:
     D:6: 2760 daAuts
     D:9: 1694 daAuts
  Lair:2: 1513 daAuts
  Lair:3: 1488 daAuts
    D:10: 1409 daAuts
     D:3: 1285 daAuts
     D:5: 1252 daAuts
    D:11: 1209 daAuts
     D:2: 1083 daAuts
  Lair:4: 1068 daAuts
     D:4: 938 daAuts
     D:8: 876 daAuts
     D:7: 834 daAuts
     D:1: 736 daAuts
   IceCv: 725 daAuts
